 Dungeon Crawl Stone Soup version 0.24-a0-462-ge24419a6ad (webtiles) character file.

Game seed: 8859139936563849285

179 Gildeon the Insei (level 5, -8/42 HPs)
             Began as a Draconian Transmuter on July 1, 2019.
             Mangled by an ogre
             ... wielding a +0 giant club
              (26 damage)
             ... on level 4 of the Dungeon.
             The game lasted 00:15:43 (2989 turns).

Gildeon the Insei (Draconian Transmuter)            Turns: 2989, Time: 00:15:43

Health: -8/42      AC:  5    Str: 14    XL:     5   Next: 33%
Magic:  8/9        EV: 13    Int: 14    God:
Gold:   50         SH:  0    Dex: 12    Spells: 5/9 levels left

rFire    . . .     SeeInvis .     - Unarmed
rCold    . . .     Gourm    .   (no shield)
rNeg     . . .     Faith    .   (armour unavailable)
rPois    .         Spirit   .   (helmet restricted)
rElec    .         Reflect  .   (no cloak)
rCorr    .         Harm     .   (no gloves)
MR       .....                  (no boots)
Stlth    +.........             (no amulet)
HPRegen  0.14/turn              m - +2 ring of strength
MPRegen  0.11/turn              (no ring)

@: appendage (expiring)
A: unfitting armour, horns 2, cold-blooded, AC +5
a: End Transformation


You were on level 4 of the Dungeon.
You were hungry.
You had grown temporary horns.
You visited 1 branch of the dungeon, and saw 4 of its levels.

You collected 182 gold pieces.
You spent 132 gold pieces at shops.

Inventory:

Hand Weapons
 j - a +3 whip of flaming
Jewellery
 m - a +2 ring of strength (left hand)
 n - a cursed amulet of inaccuracy {unknown}
Wands
 f - a wand of iceblast (6)
Scrolls
 d - a scroll of amnesia
 h - 2 scrolls of enchant weapon
 l - a scroll of enchant armour
Potions
 a - a potion of lignification
 b - 2 potions of curing
 e - a potion of invisibility {unknown}
 g - a potion of agility {unknown}
 i - 3 potions of flight
 k - 2 potions of might
 o - a potion of magic {unknown}
Comestibles
 c - 10 rations


   Skills:
 + Level 2.5 Fighting
 + Level 2.6 Dodging
 + Level 3.7 Unarmed Combat
 + Level 2.7 Spellcasting
 + Level 3.0 Transmutations
 + Level 1.4 Poison Magic


You had 5 spell levels left.
You knew the following spells:

 Your Spells              Type           Power        Failure   Level  Hunger
a - Beastly Appendage     Tmut           ##....       6%          1    #......
b - Spider Form           Tmut/Pois      #.........   26%         3    ###....

Your spell library contained the following spells:

 Spells                   Type           Power        Failure   Level  Hunger
 Sticks to Snakes         Tmut           ##......     10%         2    ###....
 Ice Form                 Ice/Tmut       #.......     75%         4    #####..
 Blade Hands              Tmut           ##........   87%         5    ######.


Dungeon Overview and Level Annotations

Branches:
Dungeon (4/15)
 Temple: D:4-7

Altars:

Shops:
D:4 *

Annotations:
D:3 2 transporters, nikopol's ghost, amateur DEFE


Innate Abilities, Weirdness & Mutations

Your plain brown scales are hard. (AC +5)
You cannot fit into any form of body armour.
You are cold-blooded and may be slowed by cold attacks.
You have a pair of horns on your head.


Message History

Aim: an ogre, wielding a +0 giant club The mass of ice explodes!
The iceblast engulfs the ogre!
The ogre is moderately wounded.
There is a stone staircase leading up here.
Casting: Beastly Appendage (safe; 6% risk of failure)
Confirm with . or Enter, or press ? or * to list all spells.
You grow a pair of large bovine horns.
The ogre barely misses you.
You hit the ogre.
You headbutt the ogre, but do no damage.
The ogre is heavily wounded.
You barely miss the ogre. Your headbutt misses the ogre.
Your tail-slap misses the ogre.
The ogre is heavily wounded.
The ogre hits you with a +0 giant club!!
Ouch! That really hurt!
You hit the ogre.
The ogre is heavily wounded.
The ogre hits you with a +0 giant club!!
Ouch! That really hurt!
You die...

#...###.....#####.
...?..............
....###.....##### .
###.....#####
..............#####.#
..###########.##....#....>#
#.##....#.....#
#O.#....#.....####
#@.#....#.........
#..#....#.........
#..#....#.........
#.......#.........
###..##...........
#..##.#.........
##.##.#.........
#....#.∩.......
##.#.#....)....


You could see an ogre.

Vanquished Creatures
  A bullfrog (D:4)
  A centaur skeleton (D:4)
  2 adders (D:3)
  2 oozes
  A worm (D:4)
  2 dart slugs (D:1)
  2 leopard geckos (D:1)
  5 ball pythons
  2 giant cockroaches
  4 goblins
  2 hobgoblins
  3 jackals (D:2)
  2 quokkas
  6 bats
  3 frilled lizards
  12 kobolds
  4 rats
54 creatures vanquished.

Notes
Turn   | Place    | Note
-------+----------+-------------------------------------------
     0 | D:1      | Gildeon the Draconian Transmuter began the quest for the
                  | Orb.
     0 | D:1      | Reached XP level 1. HP: 16/16 MP: 3/3
   262 | D:1      | Reached XP level 2. HP: 23/23 MP: 3/5
  1017 | D:2      | Reached XP level 3. HP: 29/29 MP: 4/6
  1025 | D:2      | Learned a level 3 spell: Spider Form
  1837 | D:3      | Found a transporter.
  1840 | D:3      | Noticed nikopol's ghost (amateur DEFE)
  1886 | D:3      | Found a transporter.
  2248 | D:3      | Reached XP level 4. HP: 31/36 MP: 7/7
  2597 | D:4      | Noticed an ogre
  2680 | D:4      | Noticed a bullfrog
  2691 | D:4      | Found Ammaa's General Store.
  2837 | D:4      | Bought a wand of iceblast (7) for 132 gold pieces
  2862 | D:4      | Reached skill level 1 in Poison Magic
  2929 | D:4      | Killed a bullfrog
  2929 | D:4      | Reached XP level 5. HP: 30/42 MP: 7/9
  2989 | D:4      | Mangled by an ogre

Levels and vault maps discovered:
D:1:      minmay_arrival_cross, layout_loops_ring
D:2:      layout_loops_corners, first_ration, grunt_ministairs_14
D:3:      layout_loops_ring, gammafunk_ghost_stat_death
D:4:      layout_basic, serial_shops, shop, bh_chokoban

Skill      XL: |  1  2  3  4 |
---------------+-------------+-----
Dodging        | 2 |  2.6
Fighting       | 2 |  2.5
Poison Magic   | 1 |  1.4
Transmutations | 3 |  3.0
Unarmed Combat | |  3.7
Spellcasting   | |  2.7

Action                   |  1- 3 |  4- 6 || total
-------------------------+-------+-------++-------
Melee: Unarmed           |   146 |    58 ||   204
       Headbutt          |     6 |     6 ||    12
       Tailslap          |    14 |     4 ||    18
       Kick              |    11 |     1 ||    12
       Punch             |       |     1 ||     1
 Cast: Beastly Appendage |    22 |     5 ||    27
Evoke: Wand              |       |     1 ||     1
  Use: Scroll            |     9 |     2 ||    11
 Stab: Sleeping          |     2 |       ||     2
  Eat: Chunk             |     2 |     1 ||     3
       Ration            |     1 |       ||     1
Armor: Skin              |    43 |     8 ||    51
Dodge: Dodged            |    99 |    38 ||   137

Table legend:
 A = Non-vault XP
 B = Vault XP
 C = Vault XP percentage of total XP
 D = Non-vault monster count
 E = Vault monster count
 F = Vault count percentage of total count
                 A         B        C        D         E       F
            +---------+---------+-------+---------+---------+-------
      Total |     255 |       2 |   0.8 |      52 |       2 |   3.7
            +---------+---------+-------+---------+---------+-------
        D:1 |      29 |       0 |   0.0 |      14 |       0 |   0.0
        D:2 |      36 |       2 |   5.3 |      20 |       2 |   9.1
        D:3 |      50 |       0 |   0.0 |      14 |       0 |   0.0
        D:4 |     140 |       0 |   0.0 |       4 |       0 |   0.0
            +---------+---------+-------+---------+---------+-------
